 Dungeon Crawl Stone Soup version 0.24.1 (webtiles) character file.

Game seed: 5483183430143059483, levelgen mode: deterministic

43709 BreadTh the Wrestler (level 13, -11/111 HPs)
             Began as a Troll Monk on Mar 31, 2020.
             Was the Champion of Okawaru.
             Killed from afar by an ogre mage (50 damage)
             ... with a crystal spear
             ... on level 15 of the Dungeon.
             The game lasted 01:12:01 (14483 turns).

BreadTh the Wrestler (Troll Monk)                  Turns: 14483, Time: 01:12:01

Health: -11/111    AC: 21    Str: 22    XL:     13   Next: 92%
Magic:  12/12      EV:  7    Int: 13    God:    Okawaru [******]
Gold:   2117       SH:  2    Dex: 16    Spells: 12/12 levels left

rFire    + + +     SeeInvis .     - Unarmed
rCold    . . .     Gourm    +   (no shield)
rNeg     . . .     Faith    .   Z - +1 storm dragon scales
rPois    .         Spirit   .   F - +1 hat "Gicoabot" {rF+++ Int+7 Stlth-}
rElec    +         Reflect  +   N - +2 cloak {MR+}
rCorr    .         Harm     .   (gloves unavailable)
MR       +....                  (boots unavailable)
Stlth    ..........             J - +2 amulet of reflection
HPRegen  0.68/turn              d - +3 ring of slaying
MPRegen  0.13/turn              I - +2 ring of slaying

@: no status effects
A: large, unfitting armour, claws 3, slimy green scales 1, fire resistance 1,
fast metabolism 3, gourmand, regeneration 1, shaggy fur 1, tough skin 3
a: Heroism, Finesse, Renounce Religion


You were on level 15 of the Dungeon.
You worshipped Okawaru.
Okawaru was exalted by your worship.
You were full.

You visited 2 branches of the dungeon, and saw 16 of its levels.
You also visited: Sewer and Gauntlet.

You collected 2385 gold pieces.
You spent 268 gold pieces at shops.

Inventory:

Hand Weapons
 X - a +1 arbalest of freezing
Missiles
 H - 86 bolts
Armour
 e - the cursed +0 cloak of the Poles {Str+2 Int+3}
   (You found it in a Gauntlet)

   It affects your strength (+2).
   It affects your intelligence (+3).
   It has a curse placed upon it.
 t - the +2 robe "Olagol" {*Drain Int+6}
   (Okawaru gifted it to you on level 14 of the Dungeon)

   It affects your intelligence (+6).
   It causes draining when unequipped.
 w - a +2 robe of magic resistance
 E - a +2 robe of fire resistance
 F - the +1 hat "Gicoabot" (worn) {rF+++ Int+7 Stlth-}
   (You found it in a Gauntlet)

   It affects your intelligence (+7).
   It renders you almost immune to fire.
   It makes you less stealthy.
 G - a scarf of cloud immunity
 N - a +2 cloak of magic resistance (worn)
 T - a +4 troll leather armour
 Z - +1 storm dragon scales (worn)
Jewellery
 d - a +3 ring of slaying (left claw)
 k - an uncursed ring of protection from fire
 B - an uncursed amulet of rage
 I - a +2 ring of slaying (right claw)
 J - a +2 amulet of reflection (around neck)
 K - an uncursed ring of protection from fire
 O - a +4 ring of intelligence
Wands
 a - a wand of polymorph (10)
 n - a wand of digging (6)
 q - a wand of disintegration (8)
 v - a wand of scattershot (4)
 x - a wand of flame (32)
 M - a wand of paralysis (26)
 P - a wand of acid (6)
Scrolls
 f - 8 scrolls of remove curse
 i - 6 scrolls of identify
 j - 4 scrolls of immolation
 m - 5 scrolls of amnesia
 o - 7 scrolls of teleportation
 u - a scroll of fear
 y - 2 scrolls of blinking
 D - 2 scrolls of fog
 Q - 2 scrolls of magic mapping
 S - a scroll of enchant weapon
Potions
 c - a potion of berserk rage
 g - 17 potions of curing
 h - 5 potions of haste
 l - 3 potions of heal wounds
 p - 5 potions of agility
 r - 4 potions of brilliance
 s - 2 potions of flight
 z - 2 potions of resistance
 A - 2 potions of cancellation
 C - 3 potions of might
 L - 2 potions of mutation
 R - a potion of lignification {unknown}
 V - 3 potions of ambrosia
 Y - a potion of magic {unknown}
Miscellaneous
 U - a lamp of fire
Comestibles
 b - 46 rations


   Skills:
 - Level 3.0 Fighting
 - Level 2.1 Crossbows
 - Level 3.0 Dodging
 - Level 1.0 Stealth
 * Level 21.6 Unarmed Combat


You had 12 spell levels left.
You didn't know any spells.
Your spell library contained the following spells:

 Spells                   Type           Power        Failure   Level  Hunger
 Confusing Touch          Hex            #.....       97%         1    ##.....
 Magic Dart               Conj           #...         97%         1    ##.....
 Sting                    Conj/Pois      #...         97%         1    ##.....
 Blink                    Tloc           N/A          99%         2    ###....
 Poisonous Vapours        Pois/Air       #.....       99%         2    ###....
 Searing Ray              Conj           #.....       99%         2    ###....
 Confuse                  Hex            #.......     100%        3    ####...
 Dazzling Spray           Conj/Hex       #.....       100%        3    ####...
 Gell's Gravitas          Tloc           #.........   100%        3    ####...
 Mephitic Cloud           Conj/Pois/Air  #.......     100%        3    ####...
 Cause Fear               Hex            #.........   100%        4    #####..
 Force Lance              Conj/Tloc      #.......     100%        4    #####..
 Fulminant Prism          Conj/Hex       #.........   100%        4    #####..
 Iskenderun's Mystic Bla  Conj           #.......     100%        4    #####..
 Olgreb's Toxic Radiance  Pois           #.......     100%        4    #####..
 Petrify                  Tmut/Erth      #.......     100%        4    #####..
 Metabolic Englaciation   Hex/Ice        #.........   100%        5    ######.
 Silence                  Hex/Air        #.........   100%        5    ######.
 Venom Bolt               Conj/Pois      #.........   100%        5    ######.
 Yara's Violent Unravell  Hex/Tmut       #.........   100%        5    ######.
 Deflect Missiles         Chrm/Air       #.........   100%        6    #######
 Malign Gateway           Summ/Tloc      #.........   100%        7    #######
 Discord                  Hex            #.........   100%        8    #######


Dungeon Overview and Level Annotations

Branches:
Dungeon (15/15)            Temple (1/1) D:4            Lair (0/6) D:9
 Vaults (0/5) D:14          Sewer (visited)         Gauntlet (visited)
    Orc: D:9-12      Depths: D:15

Altars:
Ashenzari
Cheibriados
Dithmenos
Elyvilon
Fedhas
Gozag
Hepliaklqana
Kikubaaqudgha
Makhleb
Nemelex Xobeh
Okawaru
Qazlal
Ru
Sif Muna
Trog
Uskayaw
Vehumet
Wu Jian
Xom
Yredelemnul
Zin
The Shining One

Shops:
D:6 (   D:8 [

Portals:
Trove: D:13 (give +3 storm dragon scales)

Annotations:
D:8 2 transporters, MisterOstroum's ghost, journeyman CeWn


Innate Abilities, Weirdness & Mutations

You are too large for most types of armour.
You have claws for hands.
Your metabolism is lightning-fast.
You like to eat raw meat.
Your natural rate of healing is unusually fast.
You are covered in fur. (AC +1)
You have extremely tough skin. (AC +3)
You are partially covered in slimy green scales. (AC +2)
Your flesh is heat resistant. (rF+)


Message History

The centaur hits you but does no damage.
You mangle the centaur!!
You kill the centaur!
Okawaru accepts your kill. The ogre hits you with a +0 giant club.
The death knight offers itself to Yredelemnul, and fills with unholy energy.
You claw the ogre!
The ogre is heavily wounded.
Your storm dragon scales prevents you from hitting the ogre.
The ogre is heavily wounded.
The ogre hits you with a +0 giant club!
You barely miss the ogre. You claw the ogre!
You kill the ogre!
Okawaru accepts your kill.
The ogre mage casts a spell.
The ogre mage blinks!
The cyclops throws a large rock.
The large rock hits you!! The ogre mage casts a spell at you.
The crystal spear hits you!!!
You die...

.. <# ...... .. .###
#..... .#####...
..+.....
.......##....#....#
.C....##....#....#
#.....##....#.....
#)))........#.....
#p(.........#.....
#@..........#.....
#...O.......#(####
#.ยง...............
#......###........
#......# #........
.#......# #........
.........###...##...
....................
####################


You could see a death knight, an ogre mage and a cyclops.

Vanquished Creatures
  Agnes (D:14)
  An ironheart preserver (D:14)
  A minotaur (Gauntlet)
  Snorg (D:14)
  2 centaur warriors
  3 hydras
  5 two-headed ogres
  3 death yaks (D:9)
  A death scarab (Gauntlet)
  A hell hog (Gauntlet)
  2 tengu warriors (D:13)
  3 unseen horrors
  Pikel (D:9)
  2 deep elf magi
  3 cyclopes
  A salamander (shapeshifter) (D:14)
  2 manticores
  Maurice (D:9)
  9 ugly things
  4 centaur zombies
  Joseph (D:7)
  2 gargoyles (D:14)
  A komodo dragon (D:11)
  2 kobold demonologists
  2 ice devils (D:14)
  3 tengu conjurers
  A queen bee (D:14)
  3 meliai (D:14)
  4 trolls
  A slime creature (D:11)
  3 hornets (Gauntlet)
  2 hippogriffs
  A spectral black mamba (Gauntlet)
  3 shadows
  5 yaks (D:13)
  A wyvern (D:8)
  2 fire bats (Gauntlet)
  A basilisk (D:11)
  A golden eye (shapeshifter) (D:14)
  2 steam dragons
  6 vampire mosquitoes
  4 hungry ghosts
  Menkaure (D:4)
  2 soldier ants (D:14)
  The ghost of diiiiiane the Firebug, an amateur DEFE (D:3)
  A porcupine (D:9)
  A hell hound (Gauntlet)
  2 water moccasins (D:7)
  4 orc warriors
  6 sky beasts
  3 slaves (D:9)
  4 black bears
  An eye of draining (D:14)
  A necrophage (D:7)
  A phantom (D:9)
  2 ice beasts
  12 ogres
  5 centaurs
  5 big kobolds
  5 bullfrogs
  A wyvern skeleton (D:11)
  5 scorpions
  26 killer bees
  9 wights
  7 howler monkeys
  9 crimson imps
  3 centaur skeletons
  2 bullfrog zombies (D:11)
  2 bullfrog skeletons
  9 orc priests
  6 hounds
  6 jellies
  14 orc wizards
  5 iguanas
  15 worker ants
  3 hell rats (D:9)
  2 hound zombies
  2 hound skeletons (D:4)
  12 gnolls
  20 adders
  6 river rats
  3 shadow imps
  An ooze (Sewer)
  2 adder skeletons
  An adder zombie (D:3)
  4 worms
  2 dart slugs
  6 leopard geckos
  44 orcs
  3 ball pythons
  7 bats
  7 giant cockroaches
  5 goblins
  5 hobgoblins
  16 jackals
  34 kobolds
  5 quokkas
  2 frilled lizards
  A giant cockroach zombie (D:6)
  A jackal skeleton (D:4)
  A jackal zombie (D:5)
  A leopard gecko skeleton (D:8)
  26 rats
496 creatures vanquished.

Vanquished Creatures (others)
  A rat (D:9)
1 creature vanquished.

Grand Total: 497 creatures vanquished

Notes
Turn   | Place    | Note
-------+----------+-------------------------------------------
     0 | D:1      | BreadTh the Troll Monk began the quest for the Orb.
     0 | D:1      | Reached XP level 1. HP: 22/22 MP: 0/0
    97 | D:1      | Reached XP level 2. HP: 29/29 MP: 1/1
   913 | D:2      | Reached skill level 4 in Unarmed Combat
   913 | D:2      | Reached XP level 3. HP: 36/36 MP: 2/2
  1576 | D:3      | Found a glowing drain.
  1599 | D:3      | Reached XP level 4. HP: 40/44 MP: 3/3
  1612 | Sewer    | Entered a sewer
  1699 | Sewer    | Reached skill level 5 in Unarmed Combat
  1753 | Sewer    | Reached XP level 5. HP: 50/50 MP: 4/4
  1802 | Sewer    | Reached skill level 6 in Unarmed Combat
  2373 | D:3      | Reached XP level 6. HP: 59/59 MP: 5/5
  2517 | D:3      | Found a shattered altar of Ashenzari.
  2600 | D:3      | Found a runed translucent gate.
  2600 | D:3      | Found a runed translucent gate.
  2604 | D:3      | Found a runed translucent gate.
  2604 | D:3      | Noticed diiiiiane's ghost (amateur DEFE)
  2724 | D:3      | Found a shimmering altar of Xom.
  2724 | D:3      | Found a shimmering altar of Xom.
  2804 | D:3      | Killed diiiiiane's ghost
  2804 | D:3      | Reached skill level 7 in Unarmed Combat
  3030 | D:3      | Found a shimmering altar of Xom.
  3030 | D:3      | Found a shimmering altar of Xom.
  3031 | D:3      | Found a shimmering altar of Xom.
  3031 | D:3      | Found a shimmering altar of Xom.
  3032 | D:3      | Found a shimmering altar of Xom.
  3034 | D:3      | Found a shimmering altar of Xom.
  3034 | D:3      | Found a shimmering altar of Xom.
  3266 | D:4      | Reached XP level 7. HP: 66/66 MP: 6/6
  3423 | D:4      | Found a staircase to the Ecumenical Temple.
  3430 | D:4      | Reached skill level 8 in Unarmed Combat
  3598 | D:4      | Noticed Menkaure
  3604 | D:4      | Killed Menkaure
  3814 | D:4      | Reached skill level 9 in Unarmed Combat
  4318 | Temple   | Entered the Ecumenical Temple
  4538 | Temple   | Became a worshipper of Warmaster Okawaru
  4538 | Temple   | Reached * piety under Okawaru
  4538 | Temple   | Reached ** piety under Okawaru
  4558 | D:5      | Entered Level 5 of the Dungeon
  4602 | D:5      | Reached XP level 8. HP: 53/75 MP: 7/7
  4738 | D:5      | Reached skill level 10 in Unarmed Combat
  5023 | D:5      | Reached skill level 11 in Unarmed Combat
  5037 | D:5      | Reached *** piety under Okawaru
  5421 | D:5      | Reached XP level 9. HP: 74/81 MP: 8/8
  5525 | D:6      | Found Orinwas's Antique Weapon Shop.
  5538 | D:6      | Bought an arbalest for 103 gold pieces
  5665 | D:6      | Reached skill level 12 in Unarmed Combat
  5902 | D:6      | Found a shadowy altar of Dithmenos.
  6571 | D:7      | Noticed Joseph
  6580 | D:7      | Killed Joseph
  6580 | D:7      | Reached skill level 1 in Crossbows
  6636 | D:7      | Reached **** piety under Okawaru
  6740 | D:7      | Reached skill level 13 in Unarmed Combat
  7276 | D:8      | Reached XP level 10. HP: 91/91 MP: 9/9
  7581 | D:8      | Found Ladafrapt's Armour Emporium.
  7584 | D:8      | Bought a +1 robe of magic resistance for 165 gold pieces
  7671 | D:8      | Reached ***** piety under Okawaru
  7956 | D:8      | Noticed MisterOstroum's ghost (journeyman CeWn)
  7957 | D:8      | Found a transporter.
  7961 | D:8      | Found a transporter.
  8300 | D:9      | Noticed a two-headed ogre
  8307 | D:9      | Killed a two-headed ogre
  8307 | D:9      | Reached skill level 14 in Unarmed Combat
  8379 | D:9      | Noticed a death yak
  8396 | D:9      | Killed a death yak
  8517 | D:9      | Noticed a two-headed ogre
  8525 | D:9      | Killed a two-headed ogre
  8525 | D:9      | Received a gift from Okawaru
  8525 | D:9      | Reached skill level 15 in Unarmed Combat
  8527 | D:9      | Got a faintly glowing giant club {god gift}
  8528 | D:9      | Identified the +2 giant club "Gixtix" {flame, Int+2 Dex+2}
                  | (Okawaru gifted it to you on level 9 of the Dungeon)
  8559 | D:9      | Noticed a death yak
  8600 | D:9      | Noticed a death yak
  8603 | D:9      | Killed a death yak
  8613 | D:9      | Killed a death yak
  8613 | D:9      | Reached XP level 11. HP: 80/97 MP: 8/10
  8653 | D:9      | Found a staircase to the Lair.
  8656 | D:9      | Noticed Pikel
  8682 | D:9      | Killed Pikel
  8682 | D:9      | Received a gift from Okawaru
  8810 | D:9      | Found a hazy altar of Hepliaklqana.
  8811 | D:9      | Found a shadowy altar of Dithmenos.
  9010 | D:9      | Noticed Maurice
  9018 | D:9      | Killed Maurice
  9018 | D:9      | Reached skill level 16 in Unarmed Combat
  9169 | D:10     | Entered Level 10 of the Dungeon
  9897 | D:11     | Reached ****** piety under Okawaru
 10308 | D:11     | Received a gift from Okawaru
 10510 | D:11     | Reached skill level 17 in Unarmed Combat
 10694 | D:11     | Noticed a centaur warrior
 10699 | D:11     | Killed a centaur warrior
 10763 | D:11     | Noticed a two-headed ogre
 10768 | D:11     | Killed a two-headed ogre
 10772 | D:11     | Noticed a six-headed hydra
 10814 | D:11     | Killed a 13-headed hydra
 10814 | D:11     | Reached XP level 12. HP: 25/105 MP: 8/11
 10938 | D:11     | Reached skill level 18 in Unarmed Combat
 10940 | D:11     | Noticed a six-headed hydra
 10944 | D:11     | Gained mutation: Your flesh is heat resistant. (rF+)
                  | [potion of mutation]
 10944 | D:11     | Gained mutation: You are partially covered in slimy green
                  | scales. (AC +2) [potion of mutation]
 11084 | D:11     | Killed a nine-headed hydra
 11084 | D:11     | Received a gift from Okawaru
 11448 | D:12     | You fall into a shaft and drop 1 floor!
 11448 | D:13     | Noticed a tengu warrior
 11449 | D:13     | Noticed a tengu warrior
 11456 | D:13     | Killed a tengu warrior
 11469 | D:13     | Killed a tengu warrior
 11607 | D:13     | Reached skill level 19 in Unarmed Combat
 12285 | D:13     | Found a portal to a secret trove of treasure.
 12354 | D:14     | Noticed Agnes
 12355 | D:14     | Found a gate leading to a gauntlet.
 12364 | D:14     | HP: 1/105 [Agnes/+2 lajatang of speed (18)]
 12370 | D:14     | Killed Agnes
 12392 | Gauntlet | Entered a Gauntlet
 12392 | Gauntlet | Found a transporter.
 12392 | Gauntlet | Found a runed translucent door.
 12429 | Gauntlet | Found a runed translucent door.
 12435 | Gauntlet | Found a transporter.
 12437 | Gauntlet | Found a transporter.
 12443 | Gauntlet | Noticed a death scarab
 12454 | Gauntlet | Found a transporter.
 12456 | Gauntlet | Found a transporter.
 12471 | Gauntlet | Found a transporter.
 12481 | Gauntlet | Found a runed translucent door.
 12482 | Gauntlet | Found a transporter.
 12483 | Gauntlet | Found a runed translucent door.
 12485 | Gauntlet | Noticed a hell hog
 12495 | Gauntlet | Noticed an entropy weaver
 12496 | Gauntlet | Found a transporter.
 12509 | Gauntlet | Found a transporter.
 12520 | Gauntlet | Found a transporter.
 12521 | Gauntlet | Found a transporter.
 12528 | Gauntlet | Found a transporter.
 12528 | Gauntlet | Noticed a death ooze
 12529 | Gauntlet | Found a runed translucent gate.
 12529 | Gauntlet | Found a runed translucent gate.
 12529 | Gauntlet | Found a runed translucent gate.
 12550 | Gauntlet | Found a transporter.
 12553 | Gauntlet | Found a runed translucent door.
 12576 | Gauntlet | Found a transporter.
 12732 | Gauntlet | Received a gift from Okawaru
 12779 | Gauntlet | Killed a death scarab
 12779 | Gauntlet | Reached XP level 13. HP: 111/111 MP: 12/12
 12819 | Gauntlet | Reached skill level 20 in Unarmed Combat
 12829 | Gauntlet | Got a heavily runed cloak
 12832 | Gauntlet | Got an ebony spear
 12844 | Gauntlet | Identified the cursed +0 cloak of the Poles {Str+2 Int+3}
                  | (You found it in a Gauntlet)
 12845 | Gauntlet | Identified the +6 spear of Yredelemnul's Favour {pierce,
                  | rN+} (You found it in a Gauntlet)
 12866 | Gauntlet | Noticed a minotaur
 12875 | Gauntlet | Killed a minotaur
 12895 | Gauntlet | Identified the Grimoire of the Traveller
 12899 | Gauntlet | Got a warped hat
 13002 | D:14     | Identified the +1 hat "Gicoabot" {rF+++ Int+7 Stlth-} (You
                  | found it in a Gauntlet)
 13100 | D:14     | Received a gift from Okawaru
 13252 | D:14     | Found a gate to the Vaults.
 13252 | D:14     | Noticed an ironheart preserver
 13263 | D:14     | Killed an ironheart preserver
 13735 | D:14     | Noticed Snorg
 13750 | D:14     | Killed Snorg
 13750 | D:14     | Received a gift from Okawaru
 13750 | D:14     | Reached skill level 21 in Unarmed Combat
 13751 | D:14     | Got a fabulously ornate robe {god gift}
 13752 | D:14     | Identified the +2 robe "Olagol" {*Drain Int+6} (Okawaru
                  | gifted it to you on level 14 of the Dungeon)
 13928 | D:15     | Entered Level 15 of the Dungeon
 14483 | D:15     | Killed from afar by an ogre mage

Levels and vault maps discovered:
D:1:      dpeg_arrival_rooms_b, layout_basic, minmay_ruptured
D:2:      layout_loops_ring, chequers_jeans, kennysheep_generic_room_14
D:3:      layout_loops_corners, xom_redecorated, cheibrodos_ashenzari_chains,
          gup_sewer_entry_glass, gammafunk_ghost_necromancy
D:4:      layout_loops_corners, minmay_temple_entry_offerings, first_ration,
          uniq_menkaure
D:5:      layout_loops_ring, kennysheep_small_circle
D:6:      layout_layer_cave, serial_shops, nicolae_shop_overgrown_old_shop,
          nicolae_dithmenos_through_a_glass_darkly
D:7:      layout_rooms, uniq_joseph
D:8:      layout_basic, serial_shops, nicolae_shop_behind_doors,
          gammafunk_ghost_hive
D:9:      layout_roguey, gammafunk_temple_overflow_statue, dpeg_lair_monsters,
          uniq_pikel, uniq_maurice
D:10:     layout_long_grid
D:11:     minmay_the_grid_square_5x5_4x4 [minmay_the_grid_square_5x5_inner_z,
          minmay_the_grid_square_5x5_moneybag,
          minmay_the_grid_square_5x5_hollow_slash,
          minmay_the_grid_square_5x5_intrusive_squares,
          minmay_the_grid_square_5x5_c, minmay_the_grid_square_5x5_prize_gold,
          minmay_the_grid_square_5x5_prize_junk,
          minmay_the_grid_square_5x5_half_checkered,
          minmay_the_grid_square_5x5_n_small,
          minmay_the_grid_square_5x5_prize_itemx,
          minmay_the_grid_square_5x5_prize_rear_guard,
          minmay_the_grid_square_5x5_almost_minimal,
          minmay_the_grid_square_5x5_tie, minmay_the_grid_square_5x5_shrine1,
          minmay_the_grid_square_5x5_shrine2,
          minmay_the_grid_square_5x5_inner_i], layout_basic
D:12:     layout_roguey, david_orc_4
D:13:     layout_long_grid, nicolae_trove_entry_diagonal
D:14:     layout_roguey [special_room_bee], skrybe_vaults_entry_preservation,
          gauntlet_entry_generic, infiniplex_staircase_trident,
          portal_ice_cave_demonic_guard, uniq_snorg, uniq_agnes
D:15:     grunt_enter_depths_snipers, layout_stronghold
Temple:   eino_narrow_crystal_temple

Skill      XL: |  1  2  3  4  5  6  7  8  9 10 11 12 13 |
---------------+----------------------------------------+-----
Unarmed Combat | 4 5 6 7 9 11 13 15 17 19 21 | 21.6
Dodging        | 3 |  3.0
Fighting       | 3 |  3.0
Crossbows      | 2 |  2.1
Stealth        | |  1.0

Action                   |  1- 3 |  4- 6 |  7- 9 | 10-12 | 13-15 || total
-------------------------+-------+-------+-------+-------+-------++-------
Melee: Unarmed           |   100 |   157 |   238 |   460 |   249 ||  1204
       Punch             |     1 |     4 |    13 |    41 |    29 ||    88
 Fire: Arbalest          |       |       |       |     1 |       ||     1
Invok: Heroism           |       |       |       |     7 |     1 ||     8
       Finesse           |       |       |       |     2 |       ||     2
 Abil: Evoke Berserk Rag |       |       |       |     2 |       ||     2
Evoke: Wand              |       |       |       |       |     1 ||     1
  Use: Scroll            |       |       |    11 |    18 |     6 ||    35
       Potion            |       |       |       |     3 |       ||     3
 Stab: Sleeping          |     5 |     3 |     1 |     3 |       ||    12
  Eat: Chunk             |    13 |    22 |    37 |    57 |    17 ||   146
Armor: Robe              |    36 |    34 |    55 |    52 |       ||   177
       Troll leather arm |       |       |       |   105 |    62 ||   167
       Storm dragon scal |       |       |       |       |    29 ||    29
Dodge: Dodged            |    46 |    74 |    98 |   219 |    83 ||   520
Block: Other             |       |       |     1 |    16 |     9 ||    26
       Reflection        |       |       |       |     2 |       ||     2
